 Dungeon Crawl Stone Soup version 0.19.5 (webtiles) character file.

30730 Lizzreth the Carver (level 13, -2/124 HPs)
             Began as a Minotaur Gladiator on Mar 15, 2017.
             Was an Elder of Makhleb.
             Slain by a large abomination (22 damage)
             ... on level 2 of the Abyss.
             The game lasted 01:01:03 (12477 turns).

Lizzreth the Carver (Minotaur Gladiator)           Turns: 12477, Time: 01:01:04

Health: -2/124     AC: 20    Str: 20    XL:     13   Next: 22%
Magic:  12/12      EV: 14    Int:  5    God:    Makhleb [****..]
Gold:   921        SH:  0    Dex: 16    Spells: 0 memorised, 12 levels left

rFire  + . .     SeeInvis .     y - +4 falchion (flame)
rCold  + + .     Gourm    +     l - +4 chain mail {rF+}
rNeg   . . .     Faith    .     (no shield)
rPois  .         Spirit   .     c - +0 hat
rElec  .         Reflect  .     g - +0 cloak
rCorr  .         Harm     .     (no gloves)
MR     +....     Clarity  +     (no boots)
Stlth  ..........               I - amulet of the gourmand
                                (no ring)
                                r - ring of protection from cold

@: non-regenerating, diseased
A: retaliatory headbutt, horns 2, yellow scales 1, clarity, cold resistance 1,
magic resistance 1, sense surroundings 1, slow regeneration 1, evolution 1,
subdued magic 1
a: Minor Destruction, Lesser Servant of Makhleb, Major Destruction, Renounce
Religion


You were on level 2 of the Abyss.
You worshipped Makhleb.
Makhleb was greatly pleased with you.
You were not hungry.

You visited 3 branches of the dungeon, and saw 13 of its levels.
You visited the Abyss 1 time.

You collected 921 gold pieces.

Inventory:

Hand Weapons
 a - a +0 long sword
 y - a +4 falchion of flaming (weapon)
 z - a +1 falchion
 K - a +0 scimitar of flaming
Missiles
 d - 3 throwing nets (quivered)
Armour
 b - a +0 leather armour
 c - a +0 hat (worn)
 g - a +0 cloak (worn)
 h - a +1 ring mail of magic resistance
 l - a +4 chain mail of fire resistance (worn)
 M - +0 ice dragon scales
Jewellery
 r - a ring of protection from cold (left hand)
 v - an uncursed ring of teleportation
 x - an uncursed ring of magical power
 I - an amulet of the gourmand (around neck)
 Q - an uncursed ring of ice
Wands
 e - a wand of polymorph (9/24)
 o - a wand of confusion (20/48)
 p - a wand of polymorph (12/24)
 B - a wand of flame (32/48)
 S - a wand of random effects (23/48)
Scrolls
 j - 7 scrolls of teleportation
 k - 9 scrolls of identify
 m - 2 scrolls of random uselessness
 n - 2 scrolls of remove curse
 w - a scroll of magic mapping
 D - a scroll of fear {unknown}
 J - a scroll of amnesia
 O - a scroll of blinking {unknown}
Potions
 i - 5 potions of curing
 q - 2 potions of flight
 C - a potion of cancellation
 L - 2 potions of lignification
 P - a potion of resistance {unknown}
Books
 E - a book of Frost

   Spells                             Type                      Level
   a - Freeze                         Ice                          1
   b - Throw Frost                    Conjuration/Ice              2
   c - Ozocubu's Armour               Charms/Ice                   3
   d - Throw Icicle                   Conjuration/Ice              4
   e - Summon Ice Beast               Ice/Summoning                4
 G - a book of Cantrips

   Spells                             Type                      Level
   a - Confusing Touch                Hexes                        1
   b - Animate Skeleton               Necromancy                   1
   c - Summon Small Mammal            Summoning                    1
   d - Apportation                    Translocation                1
 R - a book of Maledictions

   Spells                             Type                      Level
   a - Corona                         Hexes                        1
   b - Ensorcelled Hibernation        Hexes/Ice                    2
   c - Confuse                        Hexes                        3
   d - Tukima's Dance                 Hexes                        3
   e - Dazzling Spray                 Conjuration/Hexes            3
Miscellaneous
 H - a lamp of fire
Comestibles
 f - 4 bread rations
 s - 8 meat rations
 u - 3 beef jerkies
 A - 15 fruits
 F - 9 slices of pizza


   Skills:
 - Level 14.0 Fighting
 - Level 14.0 Long Blades
 - Level 2.0 Throwing
 + Level 12.9 Armour
 - Level 9.6 Dodging


You had 12 spell levels left.
You didn't know any spells.

Dungeon Overview and Level Annotations

Branches:
Dungeon (11/15)            Temple (1/1) D:6            Lair (1/6) D:11
    Orc (0/2) D:9

Altars:
Ashenzari
Cheibriados
Dithmenos
Elyvilon
Fedhas
Gozag
Hepliaklqana
Makhleb
Nemelex Xobeh
Okawaru
Qazlal
Ru
Sif Muna
Trog
Uskayaw
Vehumet
Zin
Jiyva

Annotations:
D:5 Frank's ghost, amateur GrGl
Lair:1 Sonja


Innate Abilities, Weirdness & Mutations

You reflexively headbutt those who attack you in melee.
You have a pair of horns on your head.
You are partially covered in yellow scales. (AC +2)
You possess an exceptional clarity of mind.
Your flesh is cold resistant. (rC+)
You are resistant to hostile enchantments. (MR+)
You passively map a small area around you.
You regenerate slowly when monsters are visible.
You evolve.
Your spells are a little easier to cast, but a little less powerful.


Message History

A large abomination comes into view.
You slash the raiju! You burn the raiju.
You kill the raiju!
Makhleb accepts your kill.
You feel better.
Your chain mail prevents you from hitting the large abomination.
You headbutt the large abomination.
The large abomination is lightly damaged.
You hit the large abomination. You burn the large abomination.
You headbutt the large abomination, but do no damage.
The large abomination is moderately damaged.
The large abomination hits you!!
* * * LOW HITPOINT WARNING * * *
Unknown command.
It was a potion of experience.
You feel more experienced!
Your Dodging skill gained 6 levels and is now at level 9!
You have reached level 13!
The large abomination hits you!!
You die...

##. ....#
. .. .#
.. .. ..
....
..#.# . .
#..#. .
##.#
#3.....
.#
#.##...#
.#
#X.#§.#.
# #@...#.
##
##*§..#..
.h§.#...#
#.§# ##
..... # #
#..##..#
# #..##
#..... .
. ## . ..
.....


You could see a wretched star, a large abomination, a smoke demon and a raiju.

Vanquished Creatures
  Fannar (Lair:1)
  A hydra (D:8)
  Erica (D:10)
  3 hell hogs (Abyss:2)
  A storm dragon zombie (Abyss:2)
  Nergalle (Lair:1)
  2 hill giants (D:11)
  An ugly thing (D:11)
  A centaur zombie (D:10)
  A smoke demon (Abyss:2)
  Joseph (D:10)
  An ancient zyme (Abyss:2)
  2 trolls
  A two-headed ogre (D:10)
  A hornet (D:10)
  3 raiju (Abyss:2)
  2 dream sheep (D:8)
  A hippogriff (D:10)
  A large abomination (Abyss:2)
  Sigmund (D:4)
  An air elemental (Abyss:2)
  11 yaks
  A ynoxinul (Abyss:2)
  A vampire (D:9)
  A basilisk (Lair:1)
  Menkaure (D:4)
  Edmund (D:4)
  2 water moccasins
  2 porcupines
  2 orc warriors
  A sky beast (D:10)
  3 ice beasts
  2 necrophages (D:8)
  5 ogres
  A black bear (D:6)
  A small abomination (Abyss:2)
  10 centaurs
  4 wolves (Lair:1)
  A crocodile (D:9)
  4 big kobolds
  6 bullfrogs
  A gnoll sergeant (D:11)
  2 scorpions
  A wyvern skeleton (D:9)
  3 killer bees (D:9)
  3 howler monkeys
  2 electric eels (D:9)
  2 bullfrog zombies
  9 crimson imps
  3 jellies
  5 orc priests
  8 hounds
  2 quasits (Abyss:2)
  Jessica (D:2)
  A centaur skeleton (D:4)
  8 worker ants
  4 iguanas
  7 orc wizards
  2 worker ant zombies (D:6)
  12 gnolls
  A howler monkey skeleton (D:5)
  9 adders
  3 shadow imps
  An ufetubus (Abyss:2)
  An ooze (D:3)
  An adder skeleton (D:7)
  An adder zombie (D:6)
  4 worms
  6 leopard geckos
  52 orcs
  4 bats
  A giant cockroach (D:6)
  10 goblins
  4 hobgoblins
  8 jackals
  13 kobolds
  5 quokkas
  6 frilled lizards
  A leopard gecko skeleton (D:4)
  A quokka skeleton (D:6)
  12 rats
308 creatures vanquished.

Notes
Turn   | Place    | Note
-------+----------+-------------------------------------------
     0 | D:1      | Lizzreth the Minotaur Gladiator began the quest for the Orb.
     0 | D:1      | Reached XP level 1. HP: 18/18 MP: 0/0
   440 | D:1      | Reached XP level 2. HP: 24/25 MP: 1/1
   738 | D:2      | Noticed Jessica
   744 | D:2      | Killed Jessica
   744 | D:2      | Reached skill level 5 in Long Blades
   744 | D:2      | Reached XP level 3. HP: 30/30 MP: 2/2
   928 | D:2      | Reached XP level 4. HP: 26/37 MP: 3/3
  2005 | D:3      | Reached XP level 5. HP: 42/42 MP: 4/4
  2352 | D:4      | Noticed Edmund
  2358 | D:4      | Killed Edmund
  2386 | D:4      | Reached XP level 6. HP: 47/50 MP: 5/5
  2540 | D:4      | Noticed Sigmund
  2564 | D:4      | Killed Sigmund
  2860 | D:4      | Reached XP level 7. HP: 53/56 MP: 6/6
  2866 | D:4      | Reached skill level 10 in Long Blades
  3363 | D:4      | Noticed Menkaure
  3368 | D:4      | Killed Menkaure
  3645 | D:5      | Entered Level 5 of the Dungeon
  3701 | D:5      | Found a shattered altar of Ashenzari.
  4046 | D:5      | Reached XP level 8. HP: 52/62 MP: 7/7
  4058 | D:5      | Noticed Frank's ghost (amateur GrGl)
  4069 | D:5      | Gained mutation: Scrolls take you a little longer to read. [potion of mutation]
  4069 | D:5      | Gained mutation: Your spells are a little easier to cast, but a little less powerful. [potion of mutation]
  4069 | D:5      | Gained mutation: You regenerate slowly when monsters are visible. [potion of mutation]
  4070 | D:5      | Gained mutation: You evolve. [potion of mutation]
  4070 | D:5      | Gained mutation: Your mind is acute. (Int +2) [potion of mutation]
  4140 | D:6      | HP: 3/62 [bullfrog (6)]
  4562 | D:6      | Found a hide-covered altar of Uskayaw.
  4643 | D:6      | Found a staircase to the Ecumenical Temple.
  4652 | Temple   | Entered the Ecumenical Temple
  4722 | Temple   | Became a worshipper of Makhleb the Destroyer
  4884 | D:6      | Found a glowing silver altar of Zin.
  4945 | D:6      | Found an opulent altar of Gozag.
  5082 | D:6      | Found a glowing silver altar of Zin.
  5737 | D:7      | Reached XP level 9. HP: 68/68 MP: 8/8
  5779 | D:7      | Reached * piety under Makhleb
  6079 | D:7      | Found a deep blue altar of Sif Muna.
  6079 | D:7      | Found a faded altar of an unknown god.
  6085 | D:7      | Found a faded altar of an unknown god.
  6088 | D:7      | Found a sparkling altar of Nemelex Xobeh.
  6089 | D:7      | Found a hazy altar of Hepliaklqana.
  6793 | D:8      | Reached skill level 5 in Fighting
  6920 | D:8      | Gained mutation: Your flesh is cold resistant. (rC+) [evolution]
  7187 | D:8      | Noticed a three-headed hydra
  7198 | D:8      | Killed a one-headed hydra
  7198 | D:8      | Reached skill level 10 in Fighting
  7198 | D:8      | Reached XP level 10. HP: 63/93 MP: 9/9
  7728 | D:9      | Found an iron altar of Okawaru.
  8275 | D:9      | Gained mutation: You are partially covered in yellow scales. (AC +2) [evolution]
  8646 | D:9      | Found a snail-covered altar of Cheibriados.
  8711 | D:9      | Reached ** piety under Makhleb
  8742 | D:9      | Found a staircase to the Orcish Mines.
  9226 | D:9      | Found a bloodstained altar of Trog.
  9295 | D:10     | Entered Level 10 of the Dungeon
  9306 | D:10     | Reached *** piety under Makhleb
  9318 | D:10     | Noticed Joseph
  9340 | D:10     | Killed Joseph
  9409 | D:10     | Gained mutation: You passively map a small area around you. [mutagenic meat]
  9410 | D:10     | Lost mutation: Scrolls take you a little longer to read. [mutagenic meat]
  9411 | D:10     | Lost mutation: Your mind is acute. (Int +2) [mutagenic meat]
  9413 | D:10     | Gained mutation: You are resistant to hostile enchantments. (MR+) [mutagenic meat]
  9536 | D:10     | Noticed Erica
  9546 | D:10     | Killed Erica
  9546 | D:10     | Reached XP level 11. HP: 72/110 MP: 10/10
  9756 | D:10     | Reached skill level 1 in Armour
  9946 | D:11     | Found a staircase to the Lair.
 10268 | D:11     | Gained mutation: You possess an exceptional clarity of mind. [evolution]
 10336 | D:11     | Noticed a hill giant
 10347 | D:11     | Killed a hill giant
 10347 | D:11     | Reached skill level 5 in Armour
 10379 | D:11     | Noticed a hill giant
 10387 | D:11     | Killed a hill giant
 10868 | D:11     | Noticed a white ugly thing
 10877 | D:11     | Killed a white ugly thing
 11184 | Lair:1   | Entered Level 1 of the Lair of Beasts
 11188 | Lair:1   | Noticed Fannar
 11238 | Lair:1   | Killed Fannar
 11255 | Lair:1   | Noticed Nergalle
 11271 | Lair:1   | Killed Nergalle
 11424 | Lair:1   | Reached **** piety under Makhleb
 11525 | Lair:1   | Noticed Sonja
 11544 | Lair:1   | Reached skill level 10 in Armour
 11855 | Lair:1   | Cast into level 2 of the Abyss (Sonja)
 11973 | Abyss:2  | Reached XP level 12. HP: 62/117 MP: 11/11
 11979 | Abyss:2  | Noticed a rakshasa
 11980 | Abyss:2  | Noticed a starcursed mass
 12199 | Abyss:2  | Noticed a hell hog
 12203 | Abyss:2  | Noticed a hell hog
 12207 | Abyss:2  | Noticed a hell hog
 12211 | Abyss:2  | Killed a hell hog
 12215 | Abyss:2  | Noticed a hell hog
 12216 | Abyss:2  | Killed a hell hog
 12221 | Abyss:2  | Killed a hell hog
 12477 | Abyss:2  | Reached XP level 13. HP: 20/124 MP: 12/12
 12477 | Abyss:2  | Slain by a large abomination

Skill      XL: |  1  2  3  4  5  6  7  8  9 10 11 12 |
---------------+-------------------------------------+-----
Long Blades    | 4 5 6 8 9 11 13 14 | 14.0
Fighting       | 10 14 | 14.0
Armour         | 11 12 | 12.9
Dodging        | 9 |  9.6
Throwing       | |  2.0

Action                   |  1- 3 |  4- 6 |  7- 9 | 10-12 | 13-15 || total
-------------------------+-------+-------+-------+-------+-------++-------
Melee: Long sword        |    65 |   118 |   169 |       |       ||   352
       Headbutt          |     5 |    25 |    85 |   154 |       ||   269
       Falchion          |       |       |   175 |   606 |       ||   781
Evoke: Wand              |       |       |       |     1 |       ||     1
  Use: Potion            |     3 |     4 |     7 |     2 |       ||    16
       Scroll            |     1 |     3 |    10 |     4 |       ||    18
  Eat: Chunk             |       |     2 |     5 |    15 |       ||    22
       Bread ration      |       |     1 |     2 |     2 |       ||     5
Armor: Leather armour    |     4 |       |       |       |       ||     4
       Ring mail         |    27 |    15 |       |       |       ||    42
       Chain mail        |       |    41 |   130 |   250 |       ||   421
       Ice dragon scales |       |       |       |     9 |       ||     9
Dodge: Dodged            |    40 |    47 |    95 |   217 |       ||   399
       Rpst.: Long sword |     5 |    15 |    12 |       |       ||    32
       Falchion          |       |       |     6 |    42 |       ||    48
